 Dungeon Crawl Stone Soup version 0.32-a0-981-g384da2ce10 (webtiles) character file.

Game seed: 4597720659452276345

5461 DrKenneth the Fighter (level 10, -2/93 HPs)
             Began as a Minotaur Fighter on Apr 21, 2024.
             Was a Believer of Makhleb.
             Slain by an orc warrior
             ... wielding a +0 trident
              (14 damage)
             ... in a bailey.
             The game lasted 00:21:15 (9231 turns).

DrKenneth the Fighter (Minotaur Fighter)            Turns: 9231, Time: 00:21:15

Health: -2/93      AC: 12    Str: 26    XL:     10   Next: 41%
Magic:  9/9        EV:  9    Int:  5    God:    Makhleb [**....]
Gold:   668        SH:  5    Dex:  9    Spells: 9/9 levels left

rFire   . . .        a - +0 war axe (flame)
rCold   . . .        c - +0 buckler
rNeg    . . .        b - +1 scale mail
rPois   .            (helmet restricted)
rElec   .            n - +0 cloak
rCorr   .            v - +0 pair of gloves
SInv    .            (no boots)
Will    .....        (no amulet) Stlth
                     (no ring)
HPRegen 0.35/turn    (no ring)
MPRegen 0.11/turn

%: no passive effects
@: mighty
A: horns 2, retaliatory headbutt
a: Renounce Religion, Minor Destruction


You were in a bailey.
You worshipped Makhleb.
Makhleb was pleased with you.
You visited 2 branches of the dungeon, and saw 10 of its levels.
You also visited: Sewer and Bailey.

You collected 668 gold pieces.

Inventory:

Hand Weapons
 a - a +0 war axe of flaming (weapon)
Missiles
 D - a throwing net (quivered)
Armour
 b - a +1 scale mail (worn)
 c - a +0 buckler (worn)
 n - a +0 cloak (worn)
 v - a +0 pair of gloves (worn)
Jewellery
 z - an amulet of faith
 A - a ring of ice
Wands
 B - a wand of flame (9)
Scrolls
 e - 2 scrolls of fear
 f - 4 scrolls of identify
 h - a scroll of noise
 i - 2 scrolls of teleportation
 j - a scroll of amnesia
 l - a scroll of fog
 o - 2 scrolls of torment
 r - a scroll of summoning
 u - 4 scrolls of brand weapon
 x - 2 scrolls of enchant weapon {unknown}
 y - a scroll of immolation {unknown}
 C - a scroll of blinking {unknown}
Potions
 d - 5 potions of might
 k - 2 potions of haste
 m - 2 potions of cancellation
 p - 3 potions of heal wounds {unknown}
 q - a potion of attraction {unknown}
 s - a potion of degeneration {unknown}
 t - a potion of brilliance
 w - a potion of ambrosia {unknown}


   Skills:
 + Level 10.1 Fighting
 + Level 9.7 Axes
 + Level 10.1 Armour
 + Level 10.0 Shields


You had 9 spell levels left.
You didn't know any spells.
Your spell library contained the following spells:

 Spells                   Type           Power      Damage    Failure   Level
 Magic Dart               Conj           0%         1d3       75%         1
 Sandblast                Erth           0%         2d4       75%         1
 Blink                    Tloc           0%         N/A       87%         2
 Call Imp                 Summ           0%         N/A       87%         2
 Lesser Beckoning         Tloc           0%         N/A       87%         2
 Momentum Strike          Conj/Tloc      0%         3d8       87%         2
 Passwall                 Erth           0%         N/A       98%         3
 Stone Arrow              Conj/Erth      0%         3d7       98%         3
 Teleport Other           Tloc           0%         N/A       98%         3
 Dispersal                Tloc           0%         N/A       100%        6
 Gell's Gavotte           Tloc           0%         2d(11-16) 100%        6


Dungeon Overview and Level Annotations

Branches:
Dungeon (9/15)             Temple (1/1) D:6           Sewer (visited)
 Bailey (1/1)
   Lair: D:8-11         Orc: D:9-12

Altars:
Ashenzari
Cheibriados
Dithmenos
Elyvilon
Fedhas
Gozag
Hepliaklqana
Kikubaaqudgha
Makhleb
Nemelex Xobeh
Okawaru
Qazlal
Ru
Sif Muna
Trog
Vehumet
Wu Jian
Xom
Zin
The Shining One

Shops:
D:4 *   D:5 [   D:6 (   D:8 !

Annotations:
D:4 2 transporters, dlwiii's ghost, amateur VSFi


Innate Abilities, Weirdness & Mutations

You have a pair of horns on your head.
You reflexively headbutt those who attack you in melee.


Message History

You headbutt the orc warrior, but do no damage.
The orc warrior is severely wounded.
The centaur throws a javelin.
The javelin pierces through you!
The orc warrior hits you with a +0 glaive!
You block the orc's attack. You block the orc warrior's attack.
You are too injured to fight recklessly!
You slice the orc warrior!! You burn the orc warrior.
You kill the orc warrior!
Makhleb accepts your kill.
You feel better.
The centaur throws a javelin.
The javelin pierces through you. The orc hits you but does no damage.
You block the orc's attack.
The orc warrior hits you from afar with a +0 trident.
The centaur throws a javelin.
The javelin pierces through you but does no damage.
The javelin barely misses the orc warrior.
The orc attacks as it pursues you! The orc hits you but does no damage.
The orc warrior hits you but does no damage.
The orc warrior closely misses you. The orc attacks as it pursues you!
The orc hits you from afar with a +0 trident.
The orc warrior barely misses you.
The orc warrior hits you with a +0 trident.
You block the orc's attack. You block the orc warrior's attack.
The orc warrior hits you from afar with a +0 trident!
* * * LOW HITPOINT WARNING * * *
The orc warrior hits you from afar with a +0 halberd.
* * * LOW HITPOINT WARNING * * *
The orc warrior attacks as it pursues you!
The orc warrior misses you.
There is an open gate here.
The orc warrior attacks as it pursues you!
The orc warrior hits you from afar with a +0 halberd!
* * * LOW HITPOINT WARNING * * *
You feel very mighty all of a sudden.
The orc warrior hits you from afar with a +0 halberd.
* * * LOW HITPOINT WARNING * * *
The orc warrior barely misses you.
The orc warrior hits you with a +0 trident!
You die...

..≈≈ #...##....≈≈≈≈≈≈≈
.......≈.≈≈≈ #.).#.⌠.≈≈≈......
......⌠.≈≈.≈≈ #...#..≈≈).≈≈≈≈≈≈
.........≈.≈ #.))#.≈≈)≈≈≈..)..
≈≈≈≈≈....≈≈ #..##.≈)≈≈))≈≈≈≈≈
~~~~≈≈≈...#####))#.≈≈)≈.≈≈≈...≈
≈≈≈≈~≈≈≈.....o'..#.≈.≈≈)≈..⌠.⌠.
?[)~~≈≈≈..)..oo.)#.≈..).≈..∩∩∩.
≈≈≈≈~≈≈≈...oo.@..#.≈.≈≈.≈..⌠.⌠.
~~~~≈≈≈...#####..#.≈≈.≈.≈≈≈...≈
≈≈≈≈≈..))≈≈.≈≈#..##.≈.≈≈..≈≈≈≈≈
.........≈c≈≈≈#..⌠#.≈≈.≈≈≈.....
......⌠.≈≈.≈≈≈#...#..≈≈..≈≈≈≈≈≈
........≈.≈≈≈≈#...#.⌠.≈≈≈......
......≈≈≈.≈≈≈≈#...##....≈≈≈≈≈≈≈
....≈≈≈..≈≈≈≈≈#....#####.......
≈≈≈≈≈..≈≈≈≈≈≈≈#.......⌠########


You could see 3 orc warriors and 2 orcs.

Vanquished Creatures
  2 hornets
  2 trolls
  Sigmund (D:2)
  Eustachio (D:4)
  A wyvern (D:8)
  A water moccasin (D:7)
  2 black bears
  8 orc warriors
  2 sky beasts
  Pargi (Sewer)
  6 centaurs
  An ogre (D:6)
  A phantom (D:6)
  2 bullfrogs
  2 wyvern zombies (D:6)
  A gnoll sergeant (D:8)
  6 scorpions
  A water moccasin zombie (D:6)
  4 wights (D:7)
  A howler monkey (D:3)
  A centaur zombie (D:6)
  4 hounds
  A centaur skeleton (D:6)
  3 jellies
  4 orc priests
  A bullfrog skeleton (D:6)
  2 sleepcaps
  6 iguanas
  5 orc wizards
  A killer bee zombie (D:6)
  A howler monkey zombie (D:6)
  4 gnolls (D:8)
  12 adders
  2 howler monkey skeletons (D:6)
  A shadow imp (D:6)
  3 white imps
  8 ufetubi
  5 ribbon worms
  39 orcs
  8 ball pythons
  A bat (D:2)
  5 endoplasms
  4 giant cockroaches
  4 goblins
  5 hobgoblins
  4 jackals
  8 quokkas
  7 kobolds
  5 rats
200 creatures vanquished.

Vanquished Creatures (collateral kills)
  A hornet (D:9)
1 creature vanquished.

Grand Total: 201 creatures vanquished

Notes
Turn   | Place    | Note
-------+----------+-------------------------------------------
     0 | D:1      | DrKenneth the Minotaur Fighter began the quest for the Orb.
     0 | D:1      | Reached XP level 1. HP: 19/19 MP: 0/0
   230 | D:1      | Reached XP level 2. HP: 19/27 MP: 1/1
  1090 | D:2      | Noticed Sigmund
  1099 | D:2      | Reached XP level 3. HP: 17/33 MP: 2/2
  1101 | D:2      | Killed Sigmund
  1102 | D:2      | Reached XP level 4. HP: 23/41 MP: 3/3
  1102 | D:2      | Reached XP level 5. HP: 26/47 MP: 4/4
  1329 | D:2      | Found an iron altar of Okawaru.
  1466 | D:2      | Reached skill level 5 in Fighting
  1466 | D:2      | Reached skill level 5 in Armour
  1466 | D:2      | Reached skill level 5 in Shields
  1991 | D:3      | Reached XP level 6. HP: 55/56 MP: 5/5
  2227 | D:3      | Found a faded altar of an unknown god.
  2240 | D:3      | Got Plato's Omnibus of Tephra
  2339 | D:3      | Found a glowing drain.
  2353 | Sewer    | Entered a sewer
  2476 | Sewer    | Noticed Pargi
  2483 | Sewer    | Killed Pargi
  2824 | D:4      | Noticed Eustachio
  2994 | D:4      | Found Wocwear's Assorted Antiques.
  3056 | D:4      | Found a transporter.
  3085 | D:4      | Found a transporter.
  3085 | D:4      | Noticed dlwiii's ghost (amateur VSFi)
  3087 | D:4      | Identified the +6 dire flail "Ogreslayer" {pain, rPois rC+
                  | Dex+3}
  3266 | D:4      | Killed Eustachio
  3267 | D:4      | Reached skill level 5 in Axes
  3267 | D:4      | Reached XP level 7. HP: 56/62 MP: 6/6
  3602 | D:4      | Found a sparkling altar of Nemelex Xobeh.
  4050 | D:5      | Entered Level 5 of the Dungeon
  4213 | D:5      | Found Dofrim's Antique Armour Emporium.
  4627 | D:5      | Reached XP level 8. HP: 71/71 MP: 7/7
  5600 | D:6      | Noticed a troll
  5603 | D:6      | Killed a troll
  5708 | D:6      | Found a staircase to the Ecumenical Temple.
  5716 | Temple   | Entered the Ecumenical Temple
  5727 | Temple   | Became a worshipper of Makhleb the Destroyer
  5785 | D:6      | Reached XP level 9. HP: 81/81 MP: 8/8
  5845 | D:6      | Found Reotyadgh's Antique Weapon Shoppe.
  6421 | D:7      | Reached * piety under Makhleb
  6613 | D:7      | Paralysed by a hornet for 3 turns
  7691 | D:8      | Found Ufask's Distillery.
  7768 | D:8      | Noticed a troll
  7780 | D:8      | Killed a troll
  7781 | D:8      | Reached XP level 10. HP: 64/91 MP: 9/9
  8124 | D:8      | Found a glowing silver altar of Zin.
  8124 | D:8      | Found an opulent altar of Gozag.
  8281 | D:8      | HP: 4/91 [gnoll sergeant/+5 spear of venom (5)]
  8282 | D:8      | HP: 1/91 [poisoned by a gnoll sergeant]
  8683 | D:9      | Found an ornate altar of the Wu Jian Council.
  8732 | D:9      | Found a flagged portal.
  8743 | Bailey   | Entered a bailey
  8781 | Bailey   | Reached ** piety under Makhleb
  9146 | Bailey   | Reached skill level 10 in Fighting
  9149 | Bailey   | Reached skill level 10 in Armour
  9149 | Bailey   | Reached skill level 10 in Shields
  9231 | Bailey   | Slain by an orc warrior

Illustrated notes

Levels and vault maps discovered:
D:1:      mrwooster_arrival_arrow, layout_basic
D:2:      layout_basic, basic_altar, uniq_sigmund
D:3:      layout_rooms, shapermc_ecumenical_altar_rom_forum,
          portal_sewer_entry_d, minmay_quadrilaterals
D:4:      layout_loops_ring, lemuel_doored_altar, serial_shops, shop,
          gammafunk_ghost_smash, minmay_misc_feat_ornament,
          minmay_misc_feat_alley, grunt_ministairs_12, uniq_eustachio
D:5:      layout_basic, serial_shops, nicolae_shop_real_fake_doors,
          minmay_misc_feat_plants, kennysheep_pointless_box, minivault_1,
          kennysheep_generic_room_8
D:6:      layout_rooms, minmay_temple_entry_overgrown, serial_shops, shop,
          serial_undead, serial_undead_b, serial_undead_f, serial_undead_d,
          serial_undead_b, serial_undead_b, serial_undead_d, serial_undead_a,
          minmay_increasing_density
D:7:      layout_loops_ring
D:8:      layout_loops_cross, grunt_temple_overflow_gold_and_silver,
          serial_shops, nicolae_shop_temple_entry_statues_fountains
D:9:      layout_long_grid, nicolae_uskayaw_dance_studio,
          nzn_wu_jian_council_hall, dpeg_oklobed_lair, orc_0_dummy,
          enter_bailey_6, dreamdust_princess_corridor
Temple:   eino_temple_rhombus
Bailey:   bailey_polearm_flooded_kennysheep, bailey

Skill      XL: |  1  2  3  4  5  6  7  8  9 10 |
---------------+-------------------------------+-----
Fighting       | 4 5 6 7 9 10 | 10.1
Axes           | 3 4 5 6 7 9 |  9.7
Armour         | 4 5 6 7 9 10 | 10.1
Shields        | 4 5 6 7 9 10 | 10.0

Action                     |  1- 3 |  4- 6 |  7- 9 | 10-12 || total
---------------------------+-------+-------+-------+-------++-------
  Melee: War axe           |    47 |   152 |   267 |    77 ||   543
         Headbutt          |     5 |    15 |    50 |    15 ||    85
    Use: Scroll            |       |     1 |    12 |     2 ||    15
         Potion            |       |       |     1 |     4 ||     5
 Armour: Scale mail        |    36 |   140 |   259 |   122 ||   557
  Dodge: Dodged            |    25 |    75 |   147 |    84 ||   331
  Block: Buckler           |    12 |    31 |    94 |    39 ||   176

Table legend: (Time is in decaauts)
 A = Elapsed time spent in this place.
 B = Non-inter-level travel time spent in this place.
 C = Inter-level travel time spent in this place.
 D = Time resting spent in this place.
 E = Time spent auto-exploring this place.
 F = Levels seen in this place.
 G = Mean time per level.
                   A        B        C        D        E       F      G
               +--------+--------+--------+--------+--------+-----+--------+
         Total |   9377 |   8459 |    918 |   1771 |   5061 |  12 |  781.4 |
       Dungeon |   8607 |   7709 |    898 |   1527 |   4948 |   9 |  956.3 |
        Temple |     22 |      2 |     20 |      0 |      0 |   1 |   22.0 |
         Sewer |    256 |    256 |      0 |     65 |    113 |   1 |  256.0 |
        Bailey |    490 |    490 |      0 |    179 |      0 |   1 |  490.0 |
               +--------+--------+--------+--------+--------+-----+--------+

Top non-repeatable levels by time:
     D:5: 1442 daAuts
     D:4: 1173 daAuts
     D:7: 1168 daAuts
     D:8: 1105 daAuts
     D:2: 1042 daAuts
     D:6: 880 daAuts
     D:1: 874 daAuts
     D:3: 802 daAuts
  Bailey: 490 daAuts
   Sewer: 256 daAuts
     D:9: 117 daAuts
  Temple: 22 daAuts
